AoeStats
← DK_Odysseo

Arena

507311104Analyzed
4v4 RM · 16d ago on Sep 17, 2026· 45m 16s· 8 players
Game mode
Random Map
Map size
Large (8 player)
Population
200
Speed
Normal
Resources
Standard
Victory
Conquest
Starting age
Dark Age
Ending age
Imperial Age
RankedLock teamsTeams togetherTeam positionsShared explorationLock speedFull tech treeHidden civsTurbo modeCheats
Victory
Defeat
🇪🇸 Malians · Spain
1698
+13
🇪🇸 Teutons · Spain
1673
+14
🇪🇸 Spanish · Spain
1557
+18
🇪🇸 Muisca · Spain
1551
+19
🇷🇺 Huns · Russia
1679
-18
🇷🇺 Inca · Russia
1670
-18
🇷🇺 Mongols · Russia
1575
-14
🇷🇺 Khitans · Russia
1567
-14
DK_Nightclaim
11:15 Feudal Age
12:48 Loom
16:00 Castle Age
14:05 Double-Bit Axe
16:02 Horse Collar
17:34 Bow Saw
26:42 Fletching
28:53 Elite Skirmisher
30:28 Padded Archer Armor
33:34 Wheelbarrow
34:36 Heavy Plow
39:16 Imperial Age
37:29 Bodkin Arrow
37:50 Leather Archer Armor
39:43 Ballistics
41:01 Chemistry
40:36 Ring Archer Armor
41:06 Bracer
41:39 Conscription
DK_DM_The_Death
10:57 Feudal Age
14:42 Castle Age
13:10 Double-Bit Axe
13:06 Horse Collar
15:54 Bow Saw
15:44 Heavy Plow
20:09 Loom
21:50 Wheelbarrow
22:52 Gold Mining
23:55 Hand Cart
28:08 Imperial Age
25:45 Scale Barding Armor
26:48 Chain Barding Armor
26:43 Forging
27:34 Stone Mining
27:44 Town Watch
28:24 Bloodlines
29:26 Plate Barding Armor
29:12 Conscription
29:53 Chemistry
28:16 Cavalier
30:27 Iron Casting
30:46 Paladin
34:57 Crenellations
34:31 Fletching
36:02 Bodkin Arrow
36:30 Ballistics
36:12 Pikeman
36:52 Squires
37:10 Guilds
37:12 Halberdier
40:37 Siege Engineers
42:56 Scale Mail Armor
43:56 Blast Furnace
44:08 Masonry
44:15 Chain Mail Armor
Vlad von Carstein
10:13 Feudal Age
13:46 Castle Age
12:50 Loom
13:15 Double-Bit Axe
16:38 Fervor
24:16 Horse Collar
24:53 Bow Saw
25:42 Sanctity
25:35 Heavy Plow
28:00 Wheelbarrow
28:11 Gold Mining
28:30 Stone Mining
30:03 Hand Cart
30:28 Gold Shaft Mining
30:29 Stone Shaft Mining
34:58 Imperial Age
32:38 Scale Mail Armor
32:49 Forging
34:22 Chain Mail Armor
35:07 Iron Casting
34:50 Squires
36:21 Plate Mail Armor
35:55 Fletching
35:30 Elite Temple Guard
37:22 Conscription
39:41 Hoardings
39:01 Town Watch
41:50 Two-Man Saw
41:23 Crop Rotation
41:15 Bodkin Arrow
DK_Odysseo
11:18 Feudal Age
14:54 Castle Age
13:30 Double-Bit Axe
13:41 Horse Collar
14:59 Light Cavalry
22:20 Town Watch
23:51 Wheelbarrow
24:25 Bow Saw
24:17 Heavy Plow
24:59 Gold Mining
25:02 Stone Mining
25:20 Loom
26:44 Gold Shaft Mining
26:45 Stone Shaft Mining
30:20 Imperial Age
28:20 Bloodlines
28:28 Scale Barding Armor
29:15 Forging
29:07 Husbandry
30:33 Chain Barding Armor
30:24 Heavy Camel Rider
31:59 Plate Barding Armor
32:44 Iron Casting
32:37 Farimba
34:01 Hand Cart
36:21 Masonry
37:12 Chemistry
39:32 Fletching
41:01 Architecture
40:52 Ballistics
40:28 Bodkin Arrow
42:19 Man-at-Arms
43:00 Squires
43:01 Scale Mail Armor
43:51 Conscription
43:45 Long Swordsman
44:27 Two-Handed Swordsman
44:54 Arson
45:31 Chain Mail Armor
SHell | FayLayt
11:18 Feudal Age
12:46 Double-Bit Axe
12:42 Horse Collar
15:16 Castle Age
13:37 Gold Mining
16:14 Bow Saw
16:08 Heavy Plow
19:04 Fletching
21:16 Bodkin Arrow
23:54 Ballistics
24:51 Wheelbarrow
26:50 Padded Archer Armor
27:36 Bloodlines
27:26 Husbandry
28:28 Stone Mining
29:45 Hand Cart
29:16 Loom
33:42 Imperial Age
33:14 Gold Shaft Mining
33:20 Town Watch
34:22 Bracer
35:23 Chemistry
34:00 Elite Mangudai
35:29 Thumb Ring
35:50 Parthian Tactics
35:57 Leather Archer Armor
39:36 Siege Engineers
40:50 Conscription
40:42 Masonry
43:42 Drill
42:55 Light Cavalry
43:12 Onager
SHell | Gr8telle
10:52 Feudal Age
15:50 Castle Age
14:17 Double-Bit Axe
14:54 Loom
16:24 Wheelbarrow
16:17 Light Cavalry
16:58 Husbandry
27:51 Domestication
28:49 Bow Saw
35:03 Hand Cart
38:10 Imperial Age
38:07 Pikeman
38:48 Squires
39:26 Lamellar Armor
39:55 Scale Mail Armor
40:06 Forging
41:03 Chain Mail Armor
42:06 Conscription
Sueta
11:46 Feudal Age
13:00 Double-Bit Axe
15:17 Castle Age
13:17 Horse Collar
16:20 Bow Saw
16:10 Heavy Plow
18:43 Wheelbarrow
18:52 Fletching
23:53 Hand Cart
23:50 Gold Mining
25:35 Loom
26:30 Sanctity
27:41 Gold Shaft Mining
29:51 Imperial Age
28:31 Ballistics
28:19 Thumb Ring
28:12 Bodkin Arrow
28:13 Stone Mining
28:15 Crossbowman
28:56 Padded Archer Armor
30:04 Leather Archer Armor
29:49 Scale Mail Armor
30:00 Forging
30:34 Bracer
30:52 Forging
31:21 Block Printing
32:47 Chemistry
32:05 Chain Mail Armor
32:30 Arbalester
33:42 Plate Mail Armor
33:47 Iron Casting
33:46 Masonry
33:59 Conscription
35:07 Conscription
34:12 Elite Kamayuk
34:52 Town Watch
35:48 Siege Engineers
38:30 Blast Furnace
39:54 Fortified Wall
40:41 Pikeman
41:22 Squires
41:57 Halberdier
SHell | Mr. NoName
11:08 Feudal Age
14:57 Castle Age
12:48 Horse Collar
12:54 Double-Bit Axe
14:29 Wheelbarrow
16:34 Bow Saw
22:05 Gold Mining
28:21 Imperial Age
26:08 Hand Cart
26:18 Scale Barding Armor
26:38 Forging
27:04 Bloodlines
26:54 Husbandry
27:48 Chain Barding Armor
27:24 Stone Mining
29:01 Gold Shaft Mining
28:22 Cavalier
29:41 Plate Barding Armor
30:28 Heavy Plow
31:29 Iron Casting
31:48 Paladin
34:24 Blast Furnace
34:44 Pikeman
35:25 Squires
35:49 Halberdier
36:30 Scale Mail Armor
36:33 Caravan
37:03 Coinage
37:33 Conscription
37:51 Chain Mail Armor
42:02 Guilds
41:55 Fletching
42:06 Padded Archer Armor
42:33 Bodkin Arrow
Connection lost

Rejoining the realm…

Still unreachable

The connection could not be restored.

Session expired

The server has moved on; the page needs a fresh start.